 Dungeon Crawl Stone Soup version 0.30.0-19-g36f170ea60 (webtiles) character file.

Game seed: 444501256545902360

29728 BreadTh the Brawler (level 13, -16/131 HPs)
             Began as a Troll Transmuter on May 27, 2023.
             Was the Champion of Okawaru.
             Demolished by Rupert
             ... wielding a +2 antimagic great mace
              (27 damage)
             ... on level 3 of the Lair of Beasts.
             The game lasted 01:13:37 (13299 turns).

BreadTh the Brawler (Troll Transmuter)             Turns: 13299, Time: 01:13:38

Health: -16/131    AC: 16    Str: 21    XL:     13   Next: 16%
Magic:  0/15       EV: 12    Int: 13    God:    Okawaru [******]
Gold:   799        SH:  0    Dex: 10    Spells: 9/16 levels left

rFire   . .          .
                       - Unarmed
rCold   . . .        (no shield)
rNeg    . . .        Z - +1 troll leather armour
rPois   .            y - +0 hat {Will+}
rElec   .            A - +0 cloak
rCorr   .            (gloves unavailable)
SInv    .            (boots unavailable)
Will    +....        I - amulet "Xekazovu" {Faith +Inv Slay+5}
Stlth   +            h - +4 ring of protection
HPRegen 2.01/turn    U - +4 ring of protection
MPRegen 0.14/turn

%: faith
@: no status effects
A: large, unfitting armour, claws 3, regeneration 1, shaggy fur 1, tough skin 1
a: Renounce Religion, Evoke Invisibility, Heroism, Finesse, Duel


You were on level 3 of the Lair of Beasts.
You worshipped Okawaru.
Okawaru was exalted by your worship.
You visited 3 branches of the dungeon, and saw 17 of its levels.
You visited the Abyss 1 time.

You collected 944 gold pieces.
You spent 145 gold pieces at shops.

Inventory:

Missiles
 x - a silver javelin
 G - 8 boomerangs of dispersal
 P - a throwing net
 R - 24 poisoned darts
 V - 6 javelins
 W - 2 curare-tipped darts
 X - 4 boomerangs
 Y - 11 large rocks
Armour
 q - the scarf of the Pit {harm, Rampage}
   (Okawaru gifted it to you on level 12 of the Dungeon)

   Rampage:   It bestows one free step when moving towards enemies.
 v - a +1 robe of resistance
 y - a +0 hat of willpower (worn)
 A - a +0 cloak (worn)
 F - +0 acid dragon scales
 Z - a +1 troll leather armour (worn)
Magical Staves
 d - a staff of death
Jewellery
 e - an amulet of the acrobat
 h - a +4 ring of protection (left claw)
 w - a ring of magical power
 z - a ring of poison resistance
 C - a +6 ring of dexterity
 D - a ring of positive energy
 I - the amulet "Xekazovu" (around neck) {Faith +Inv Slay+5}
   (You found it on level 7 of the Dungeon)

   [amulet of faith]

   It allows you to gain divine favour quickly.
   Slay:      It affects your accuracy & damage with ranged weapons and melee
   (+5).
   +Inv:      It lets you turn invisible.
 U - a +4 ring of protection (right claw)
Wands
 u - a wand of flame (28)
 H - a wand of charming (18)
 N - a wand of polymorph (7)
 Q - a wand of mindburst (28)
Scrolls
 a - 2 scrolls of enchant weapon
 i - a scroll of vulnerability
 l - a scroll of identify
 m - 2 scrolls of enchant armour
 p - 4 scrolls of fog {unknown}
 B - 2 scrolls of amnesia {unknown}
 E - 5 scrolls of fear {unknown}
 K - a scroll of magic mapping {unknown}
 L - 8 scrolls of teleportation {unknown}
 M - 2 scrolls of brand weapon {unknown}
 S - 3 scrolls of silence {unknown}
Potions
 b - 3 potions of lignification
 c - 2 potions of haste
 f - 4 potions of brilliance
 g - 2 potions of heal wounds {unknown}
 j - a potion of magic {unknown}
 k - a potion of might {unknown}
 n - 9 potions of curing
 o - 3 potions of ambrosia
 r - 2 potions of berserk rage
 s - 2 potions of flight
 t - a potion of invisibility {unknown}
 J - a potion of mutation {unknown}
 O - 2 potions of resistance {unknown}
 T - a potion of attraction {unknown}


   Skills:
 + Level 9.5 Fighting
 + Level 9.7 Dodging
 * Level 16.0 Unarmed Combat
 - Level 2.0 Spellcasting
 - Level 2.0 Transmutations


You had 9 spell levels left.
You knew the following spells:

 Your Spells              Type           Power      Damage    Failure   Level
a - Beastly Appendage     Tmut           12%        N/A       13%         1
b - Wereblood             Tmut           6%         N/A       19%         2
c - Spider Form           Tmut/Pois      3%         N/A       50%         3
d - Magic Dart            Conj           4%         1d3       28%         1

Your spell library contained the following spells:

 Spells                   Type           Power      Damage    Failure   Level
 Apportation              Tloc           2%         N/A       28%         1
 Cigotuvi's Dreadful Rot  Necr/Pois/Air  2%         N/A       41%         2
 Searing Ray              Conj           2%         2d4       41%         2
 Ignite Poison            Fire/Tmut/Pois 3%         N/A       54%         3
 Ice Form                 Ice/Tmut       3%         N/A       88%         4
 Anguish                  Hex/Necr       0%         N/A       96%         4
 Cause Fear               Hex            0%         N/A       96%         4
 Fulminant Prism          Conj/Hex       0%         3d5       96%         4
 Passage of Golubria      Tloc           1%         N/A       96%         4
 Alistair's Intoxication  Tmut/Pois      2%         N/A       99%         5
 Freezing Cloud           Conj/Ice/Air   0%         6-21      100%        5
 Silence                  Hex/Air        0%         N/A       100%        5
 Enfeeble                 Hex            0%         N/A       100%        7
 Lehudib's Crystal Spear  Conj/Erth      0%         10d2      100%        8


Dungeon Overview and Level Annotations

Branches:
Dungeon (13/15)            Temple (1/1) D:7            Lair (3/5) D:8
  Snake (0/4) Lair:2          Orc (0/2) D:12
  Swamp: Lair:2-3    Shoals: Lair:2-3    Vaults: D:13-14

Altars:
Ashenzari
Cheibriados
Dithmenos
Elyvilon
Fedhas
Gozag
Hepliaklqana
Kikubaaqudgha
Makhleb
Nemelex Xobeh
Okawaru
Qazlal
Ru
Sif Muna
Trog
Uskayaw
Vehumet
Wu Jian
Xom
Yredelemnul
Zin
The Shining One

Shops:
D:3 [   D:6 !   D:7 (   D:10 *

Annotations:
Lair:3 Rupert


Innate Abilities, Weirdness & Mutations

You are too large for most types of armour.
You have claws for hands.
Your natural rate of healing is unusually fast.
You are covered in fur. (AC +1)
You have tough skin. (AC +1)


Message History

You feel strong-willed. Rupert completely misses you.
You scratch Rupert. Your claw misses Rupert.
Rupert is heavily wounded.
Rupert yells loudly at you.
You are confused.
You're too confused to move!
Rupert hits you with a +2 antimagic great mace!
You feel your power leaking away.
Rupert screams, "Red!
No, blue!"
Rupert roars wildly at you.
You are more confused.
You bump into the rock wall.
Rupert closely misses you.
Rupert hits you with a +2 antimagic great mace!
You claw Rupert!
Rupert is heavily wounded.
Rupert roars madly and goes into a rage!
Rupert goes berserk!
Rupert hits you with a +2 antimagic great mace!
Rupert hits you with a +2 antimagic great mace!
You feel your power leaking away.
Rupert hits you with a +2 antimagic great mace!!
Rupert hits you with a +2 antimagic great mace.
You bump into the rock wall.
Rupert hits you with a +2 antimagic great mace!
* * * LOW HITPOINT WARNING * * *
You mangle Rupert!!
Rupert is severely wounded.
Rupert barely misses you.
Rupert hits you with a +2 antimagic great mace!!
* * * LOW HITPOINT WARNING * * *
You scratch Rupert.
Rupert is severely wounded.
You feel less confused. Rupert barely misses you.
Rupert rages.
Okay, then.
Rupert attacks as you move away!
Rupert hits you with a +2 antimagic great mace!!
You die...

# ..########
.. .#P#P#P.#
... .......#
P...#P...#.##
....... #...#
.......##...#
#.<....#
#.#@.###
##.@## ##.#
#.. #...
..>.. ..#)##
..### ..#.


You could see Rupert (berserk).

Vanquished Creatures
  A hydra (Lair:2)
  A boulder beetle (Lair:2)
  3 centaur warriors (D:13)
  5 two-headed ogres
  Sonja (Lair:1)
  An orc knight (D:12)
  2 deep elf pyromancers
  An ugly thing (D:13)
  A manticore (D:13)
  2 cyclopes
  Joseph (D:8)
  A black mamba (Lair:2)
  A gargoyle (D:13)
  4 cane toads
  A large abomination (Abyss:3)
  A rime drake (D:8)
  An efreet (D:13)
  A kobold demonologist (D:13)
  A hornet (D:10)
  3 trolls
  4 blink frogs (Lair:2)
  2 polar bears
  5 slime creatures
  Sigmund (D:5)
  A shadow (D:12)
  A wyvern (D:9)
  A vampire (D:10)
  4 wraiths
  34 yaks
  A basilisk (Lair:2)
  2 steam dragons (D:8)
  5 vampire mosquitoes
  An acid dragon (D:13)
  2 water moccasins
  9 orc warriors
  4 ice beasts
  2 black bears
  2 ogres
  9 wolves
  2 centaurs (D:13)
  3 phantoms
  3 kobold brigands
  6 bullfrogs
  6 scorpions
  4 wights (D:8)
  4 killer bees (D:9)
  An electric eel (Lair:1)
  A jelly (D:4)
  8 hounds
  14 orc priests
  A gnoll bouda (D:5)
  An iron imp (Abyss:3)
  2 sleepcaps
  3 iguanas (D:4)
  18 orc wizards
  11 hell rats (Lair:2)
  A statue (D:10)
  10 adders
  13 gnolls
  2 ufetubi
  A worm (D:3)
  3 dart slugs
  71 orcs
  8 ball pythons
  4 bats
  5 endoplasms
  A giant cockroach (D:1)
  5 goblins
  9 hobgoblins
  20 jackals
  22 kobolds
  5 quokkas
  A frilled lizard (D:1)
  6 rats
  A butterfly (Lair:2)
399 creatures vanquished.

Vanquished Creatures (others)
  A vampire mosquito (D:12)
  2 starspawn tentacles (Abyss:3)
3 creatures vanquished.

Grand Total: 402 creatures vanquished

Notes
Turn   | Place    | Note
-------+----------+-------------------------------------------
     0 | D:1      | BreadTh the Troll Transmuter began the quest for the Orb.
     0 | D:1      | Reached XP level 1. HP: 18/18 MP: 1/1
   104 | D:1      | Reached XP level 2. HP: 26/26 MP: 3/3
   242 | D:1      | Reached skill level 1 in Fighting
   255 | D:1      | Reached XP level 3. HP: 31/33 MP: 4/4
   783 | D:2      | Found a faded altar of an unknown god.
   824 | D:2      | Reached XP level 4. HP: 41/41 MP: 5/5
  1261 | D:2      | Reached skill level 4 in Unarmed Combat
  1785 | D:3      | Identified the +8 chain mail of Action {Str+6}
  1860 | D:3      | Reached XP level 5. HP: 42/48 MP: 6/6
  2040 | D:3      | Found Xipomo's Antique Armour Boutique.
  2045 | D:3      | Bought a glowing robe for 103 gold pieces
  2327 | D:3      | Learned a level 2 spell: Wereblood
  2331 | D:3      | Learned a level 3 spell: Spider Form
  2616 | D:4      | Reached XP level 6. HP: 57/57 MP: 8/8
  2706 | D:4      | Reached skill level 5 in Unarmed Combat
  3002 | D:4      | Reached XP level 7. HP: 66/66 MP: 9/9
  3146 | D:4      | Identified the +10 spear "Mutiz" {freeze, rElec Stlth+}
  3537 | D:4      | Reached skill level 6 in Unarmed Combat
  3584 | D:5      | Entered Level 5 of the Dungeon
  3777 | D:5      | Noticed Sigmund
  3862 | D:6      | Reached XP level 8. HP: 73/75 MP: 10/10
  3867 | D:6      | Reached skill level 7 in Unarmed Combat
  3955 | D:6      | Found a shimmering altar of Xom.
  4154 | D:6      | Found a runed translucent door.
  4517 | D:6      | Found Eryrux Xanie's Distillery.
  4525 | D:6      | Bought a potion of curing for 42 gold pieces
  4598 | D:7      | Found a glowing silver altar of Zin.
  4612 | D:7      | Reached skill level 8 in Unarmed Combat
  4653 | D:7      | Identified the amulet "Xekazovu" {Faith +Inv Slay+5}
  4725 | D:7      | Found Cyovog's Antique Weapon Shop.
  4819 | D:7      | Reached XP level 9. HP: 85/85 MP: 11/11
  4905 | D:7      | Reached skill level 5 in Dodging
  4993 | D:7      | Found a staircase to the Ecumenical Temple.
  5026 | Temple   | Entered the Ecumenical Temple
  5026 | Temple   | Found a transporter.
  5026 | Temple   | Found a transporter.
  5028 | Temple   | Found a transporter.
  5028 | Temple   | Found a transporter.
  5086 | Temple   | Became a worshipper of Warmaster Okawaru
  5252 | D:8      | Reached skill level 9 in Unarmed Combat
  5312 | D:8      | Reached skill level 5 in Fighting
  5352 | D:8      | Reached * piety under Okawaru
  5354 | D:8      | Noticed a rime drake
  5361 | D:8      | Reached ** piety under Okawaru
  5362 | D:8      | Reached skill level 10 in Unarmed Combat
  5365 | D:8      | Killed a rime drake
  5376 | D:8      | Reached XP level 10. HP: 64/98 MP: 12/12
  5381 | D:8      | Noticed Joseph
  5403 | D:8      | Killed Joseph
  5442 | D:8      | Found a staircase to the Lair.
  5456 | D:8      | Reached *** piety under Okawaru
  5502 | D:8      | Reached skill level 11 in Unarmed Combat
  5630 | D:8      | Reached **** piety under Okawaru
  6173 | D:5      | Learned a level 1 spell: Magic Dart
  6568 | D:5      | Killed Sigmund
  6947 | D:9      | Found a snail-covered altar of Cheibriados.
  6959 | D:9      | Identified the +1 scale mail of the Curious Lovers {Rampage
                  | Str+2}
  6992 | D:9      | Noticed a two-headed ogre
  7008 | D:9      | Killed a two-headed ogre
  7008 | D:9      | Reached ***** piety under Okawaru
  7009 | D:9      | Reached skill level 12 in Unarmed Combat
  8481 | D:10     | Entered Level 10 of the Dungeon
  8481 | D:10     | Found a blossoming altar of Fedhas.
  8583 | D:9      | Found a white marble altar of Elyvilon.
  8640 | D:9      | Reached XP level 11. HP: 109/109 MP: 13/13
  8896 | D:10     | Noticed a two-headed ogre
  8896 | D:10     | Noticed a two-headed ogre
  8921 | D:9      | Killed a two-headed ogre
  8926 | D:9      | Killed a two-headed ogre
  8988 | D:10     | Reached ****** piety under Okawaru
  9009 | D:10     | Found a sacrificial altar of Ru.
  9016 | D:10     | Found a basalt altar of Yredelemnul.
  9025 | D:10     | Found Fon Duis's Demolitions Depot.
  9126 | D:10     | Found a radiant altar of Vehumet.
  9135 | D:10     | Received a gift from Okawaru
  9245 | D:10     | Reached skill level 13 in Unarmed Combat
  9418 | D:10     | Found a stormy altar of Qazlal.
  9418 | D:10     | Found a shadowy altar of Dithmenos.
  9423 | D:10     | Found a broken altar of Ashenzari.
  9426 | D:10     | Found a glowing golden altar of the Shining One.
  9596 | D:10     | Found a burning altar of Makhleb.
  9888 | D:11     | Noticed a two-headed ogre
  9891 | D:11     | Killed a two-headed ogre
 10109 | D:11     | Received a gift from Okawaru
 10155 | D:12     | Found a staircase to the Orcish Mines.
 10155 | D:12     | Noticed an orc knight
 10180 | D:12     | Killed an orc knight
 10318 | D:12     | Noticed a deep elf pyromancer
 10356 | D:12     | Killed a deep elf pyromancer
 10520 | D:12     | Reached skill level 14 in Unarmed Combat
 10521 | D:12     | Identified the scarf of the Pit {harm, Rampage} (Okawaru
                  | gifted it to you on level 12 of the Dungeon)
 10521 | D:12     | Received a gift from Okawaru
 10533 | D:12     | Reached XP level 12. HP: 112/120 MP: 10/14
 11157 | D:13     | Noticed a centaur warrior
 11167 | D:13     | Killed a centaur warrior
 11247 | D:13     | Noticed a centaur warrior
 11270 | D:13     | Killed a centaur warrior
 11270 | D:13     | Identified the +4 trident "Enluygh" {freeze, Str+3 SInv
                  | Stlth+} (Okawaru gifted it to you on level 13 of the
                  | Dungeon)
 11270 | D:13     | Received a gift from Okawaru
 11275 | D:13     | Reached skill level 15 in Unarmed Combat
 11277 | D:13     | Noticed a centaur warrior
 11279 | D:13     | Killed a centaur warrior
 11289 | D:13     | Noticed a two-headed ogre
 11294 | D:13     | Noticed an ironbound preserver
 11413 | D:12     | Killed a two-headed ogre
 11504 | Lair:1   | Entered Level 1 of the Lair of Beasts
 11568 | Lair:1   | Noticed Sonja
 11574 | Abyss:2  | Cast into level 2 of the Abyss (Sonja)
 11667 | Abyss:3  | Noticed a tentacled starspawn
 11687 | Lair:1   | Escaped the Abyss
 11712 | Lair:1   | Killed Sonja
 12504 | Lair:2   | Received a gift from Okawaru
 12517 | Lair:2   | Noticed a five-headed hydra
 12592 | Lair:2   | Found a staircase to the Snake Pit.
 12627 | Lair:2   | Reached XP level 13. HP: 124/125 MP: 15/15
 13205 | Lair:2   | Reached skill level 16 in Unarmed Combat
 13268 | Lair:3   | Noticed Rupert
 13299 | Lair:3   | Demolished by Rupert

Illustrated notes

Levels and vault maps discovered:
D:1:      dpeg_arrival_circle_labyrinth_a, layout_basic
D:2:      layout_basic, ebering_ecumenical_altar_webs
D:3:      layout_loops_cross, serial_shops, shop, st_stairs_9,
          hangedman_decor_points, nicolae_concentric_dashed_squares_wild,
          chequers_serial_rivers_large_a
D:4:      layout_basic, grunt_ministairs_3, minmay_misc_feat_enclosed
D:5:      layout_loops_ring, uniq_sigmund
D:6:      layout_cave_pools, overflow_temple_1_default, serial_shops, shop,
          minmay_misc_feat_encased, lightli_church_of_beogh
D:7:      layout_basic, mainiacjoe_overflow_paths,
          minmay_temple_entry_antechambers, serial_shops,
          nicolae_shop_just_a_little_nook
D:8:      layout_basic, hellmonk_lair_entry_icy, uniq_joseph
D:9:      layout_roguey, nicolae_elyvilon_temple_path,
          mainiacjoe_overflow_tiny_flanked
D:10:     layout_cross, general_overflow_altar, lightli_temple_of_fire,
          vehumet_statue, nicolae_overflow_hallway_of_the_gods, minivault_25_ag,
          st_stairs_4, nicolae_blasting_shop
D:11:     layout_rooms, minivault_26
D:12:     layout_rooms, david_orc_5
D:13:     layout_cave_pods, skrybe_vaults_entry_preservation
Temple:   hellmonk_temple_divided_pantheon
Lair:1:   layout_chaotic_city, serial_bayou_pond_b, grunt_megastairs_3,
          serial_bayou_shore_b, uniq_sonja
Lair:2:   layout_loops_ring, guppyfry_snake_entry_island, lemuel_fruit_fields,
          lemuel_fruit_tree, serial_bayou_shore_a
Lair:3:   minmay_lair_venomous_thicket, layout_loops_ring,
          minmay_shoals_entry_beasts, ebering_ghost_inner_flame,
          bobbens_dragon_lair_wall, infiniplex_staircase_pool, uniq_rupert

Skill      XL: |  1  2  3  4  5  6  7  8  9 10 11 12 13 |
---------------+----------------------------------------+-----
Fighting       | 1 2 3 4 5 7 8 9 |  9.5
Dodging        | 2 3 4 6 7 8 9 |  9.7
Unarmed Combat | 4 5 6 8 10 12 14 15 16 | 16.0
Transmutations | 2 |  2.0
Spellcasting   | 2 |  2.0

Action                     |  1- 3 |  4- 6 |  7- 9 | 10-12 | 13-15 || total
---------------------------+-------+-------+-------+-------+-------++-------
  Melee: Unarmed           |   102 |   164 |   245 |   500 |    68 ||  1079
         Kick              |     2 |     9 |    20 |    84 |    20 ||   135
         Punch             |       |     3 |     9 |    41 |     5 ||    58
         Headbutt          |       |     5 |    16 |    45 |     7 ||    73
   Cast: Beastly Appendage |     3 |     5 |    16 |    38 |     7 ||    69
         Wereblood         |       |       |     5 |     6 |       ||    11
         Magic Dart        |       |       |       |    12 |     2 ||    14
         Spider Form       |       |       |       |       |     1 ||     1
  Evoke: Wand              |       |       |       |       |     3 ||     3
    Use: Scroll            |       |     2 |       |    10 |       ||    12
   Stab: Sleeping          |       |     3 |       |       |       ||     3
 Armour: Robe              |    34 |    31 |    82 |    17 |       ||   164
         Steam dragon scal |       |       |       |    37 |       ||    37
         Troll leather arm |       |       |       |   115 |    15 ||   130
  Dodge: Dodged            |    60 |    70 |   122 |   235 |    28 ||   515
